[Event "WALTON BAN-chT 2019"]
[Site "Bangladesh"]
[Date "2019.12.15"]
[Round "1.2"]
[White "Mchedlishvili, Mikheil"]
[Black "Sourath Biswas"]
[Result "1-0"]
[ECO "E66"]
[WhiteElo "2567"]
[BlackElo "1944"]
[Annotator "ChessBase"]
[PlyCount "75"]
[EventDate "2019.12.07"]
[EventType "team-tourn"]
[EventCountry "BAN"]
[SourceTitle "playchess.com"]
[Source "ChessBase"]
[SourceQuality "1"]
[TimeControl "5400+30"]

1. d4 Nf6 2. c4 g6 3. g3 Bg7 4. Bg2 O-O 5. Nc3 d6 6. Nf3 Nc6 7. d5 Na5 8. Nd2 c5 9. O-O a6 10. Rb1 Ne8 11. Qc2 Bd7 12. b3 b5 13. Bb2 Rb8 14. Nd1 bxc4 15. bxc4 Rb4 16. Bxg7 Nxg7 17. Nb2 Qc7 18. Rbe1 Nf5 19. Nd3 Nd4 20. Qc3 Rbb8 21. e3 Nf5 22. Rb1 Rfc8 23. Nf3 h5 24. Rfc1 f6 25. Nf4 Kh7 26. Bf1 Nb7 27. Bd3 Nd8 28. Nxg6 Kxg6 29. Nh4+ Kf7 30. Bxf5 Bxf5 31. Nxf5 Rxb1 32. Rxb1 Rb8 33. Rd1 Qb7 34. e4 Ke8 35. Qf3 Kd7 36. Qxh5 Qb2 37. Qg4 Qxa2 38. Qg7 1-0

[Event "WALTON BAN-chT 2019"]
[Site "Bangladesh"]
[Date "2019.12.15"]
[Round "1.3"]
[White "Ahmed, Feroz"]
[Black "Mohammad Fahad, Rahman"]
[Result "0-1"]
[ECO "E20"]
[WhiteElo "1936"]
[BlackElo "2294"]
[Annotator "NA"]
[PlyCount "70"]
[EventDate "2019.12.07"]
[EventType "team-tourn"]
[EventCountry "BAN"]
[SourceTitle "playchess.com"]
[Source "ChessBase"]
[SourceQuality "1"]
[TimeControl "5400+30"]

1. c4 e6 2. d4 Nf6 3. Nc3 Bb4 4. g3 O-O 5. Bg2 d5 6. Nf3 dxc4 7. O-O Nd5 8. Qc2 Nc6 9. Bd2 a6 10. e4 Nxc3 11. Bxc3 Be7 12. d5 exd5 13. exd5 Nb4 14. Bxb4 Bxb4 15. Qxc4 Bd6 16. Rfe1 Qf6 17. Re2 Bd7 18. Qb3 a5 19. Qc4 a4 20. Rae1 Rfe8 21. Rxe8+ Rxe8 22. Rxe8+ Bxe8 23. Qe2 Bd7 24. h3 Kf8 25. Nh2 Qd4 26. Nf1 Be5 27. b3 a3 28. Ne3 Qb2 29. Bf1 b5 30. Kg2 Bd4 31. Nd1 Qxe2 32. Bxe2 Bf5 33. Bxb5 Bb1 34. Ba4 Bxa2 35. b4 Bxd5+ 0-1

[Event "WALTON BAN-chT 2019"]
[Site "Bangladesh"]
[Date "2019.12.15"]
[Round "1.4"]
[White "Mohammed Abdul, Malek"]
[Black "Swarnavo Choudhury"]
[Result "1/2-1/2"]
[ECO "D94"]
[WhiteElo "2162"]
[BlackElo "1840"]
[Annotator "NA"]
[PlyCount "53"]
[EventDate "2019.12.07"]
[EventType "team-tourn"]
[EventCountry "BAN"]
[SourceTitle "playchess.com"]
[Source "ChessBase"]
[SourceQuality "1"]
[TimeControl "5400+30"]

1. d4 Nf6 2. Nf3 g6 3. c4 Bg7 4. Nc3 d5 5. e3 O-O 6. Bd3 a6 7. a4 c5 8. h3 Nc6 9. cxd5 cxd4 10. dxc6 dxc3 11. bxc3 bxc6 12. O-O Nd5 13. Qc2 Nb4 14. cxb4 Bxa1 15. Be4 Bg7 16. Rd1 Qb6 17. Ba3 Be6 18. Qxc6 Qxc6 19. Bxc6 Rab8 20. Ng5 Rfc8 21. Nxe6 Rxc6 22. Nc5 Bc3 23. Nd7 Rb7 24. Nc5 Rb8 25. Nd7 Rb7 26. Nc5 Rb8 27. Nd7 1/2-1/2

[Event "WALTON BAN-chT 2019"]
[Site "Bangladesh"]
[Date "2019.12.15"]
[Round "1.5"]
[White "Rahman, Taibur"]
[Black "Zia, Tahsin Tajwar"]
[Result "1-0"]
[ECO "D46"]
[WhiteElo "2241"]
[BlackElo "2148"]
[Annotator "NA"]
[PlyCount "67"]
[EventDate "2019.12.07"]
[EventType "team-tourn"]
[EventCountry "BAN"]
[SourceTitle "playchess.com"]
[Source "ChessBase"]
[SourceQuality "1"]
[TimeControl "5400+30"]

1. d4 d5 2. c4 e6 3. Nc3 c6 4. e3 Nf6 5. Nf3 Nbd7 6. Qc2 Bd6 7. Be2 dxc4 8. Bxc4 b5 9. Be2 Bb7 10. O-O a6 11. e4 e5 12. Bg5 h6 13. Bh4 c5 14. dxe5 Nxe5 15. Rfd1 Qe7 16. a4 b4 17. Nd5 Bxd5 18. Rxd5 g5 19. Rxd6 Qxd6 20. Bg3 Nfd7 21. Rd1 Qe7 22. Nxe5 Nxe5 23. Rd5 f6 24. Bh5+ Kf8 25. Rxc5 Rd8 26. h4 Rd7 27. Bxe5 fxe5 28. Bg4 Rb7 29. Rc6 Rh7 30. Qc4 Kg7 31. Bf5 Rh8 32. Rg6+ Kf8 33. Qc8+ Kf7 34. Qxh8 1-0

[Event "WALTON BAN-chT 2019"]
[Site "Bangladesh"]
[Date "2019.12.15"]
[Round "1.6"]
[White "Lugovskoy, Maxim"]
[Black "Chatterjee, Debaraj"]
[Result "1/2-1/2"]
[ECO "B01"]
[WhiteElo "2466"]
[BlackElo "2216"]
[Annotator "ChessBase"]
[PlyCount "103"]
[EventDate "2019.12.07"]
[EventType "team-tourn"]
[EventCountry "BAN"]
[SourceTitle "playchess.com"]
[Source "ChessBase"]
[SourceQuality "1"]
[TimeControl "5400+30"]

1. e4 d5 2. b3 dxe4 3. Bb2 Nf6 4. Ne2 Bf5 5. Ng3 Bg6 6. Na3 e6 7. Nc4 Nc6 8. Ne5 Nxe5 9. Bxe5 Be7 10. Qe2 O-O 11. Rd1 Bc5 12. h3 Bd4 13. Bxd4 Qxd4 14. Qc4 Qe5 15. Be2 Rfd8 16. Nf1 Rd4 17. Qc3 Rad8 18. Qg3 Qa5 19. c3 R4d7 20. Ne3 c6 21. h4 h6 22. Nc4 Qc7 23. Ne5 Rd5 24. Nxg6 Qxg3 25. fxg3 fxg6 26. a4 Kf7 27. b4 a5 28. Bc4 Rf5 29. b5 cxb5 30. Bxb5 Ke7 31. Rb1 b6 32. Rf1 Rd6 33. Be2 Nd5 34. Rb3 Rc6 35. Bb5 Rd6 36. Ke2 g5 37. Bc4 gxh4 38. Rxf5 exf5 39. Rb5 Ke6 40. gxh4 g5 41. Bb3 gxh4 42. Kf1 f4 43. c4 Nc7 44. c5+ Kd7 45. cxd6 Nxb5 46. axb5 Kxd6 47. Ke2 Kc5 48. Bc2 Kd4 49. Bb3 Kc5 50. Bc2 Kd4 51. Bb3 Kc5 52. Bc2 1/2-1/2

[Event "WALTON BAN-chT 2019"]
[Site "Bangladesh"]
[Date "2019.12.15"]
[Round "1.7"]
[White "Masum, Hossain"]
[Black "Khusenkhojaev, Muhammad"]
[Result "0-1"]
[ECO "D87"]
[WhiteElo "2088"]
[BlackElo "2427"]
[Annotator "NA"]
[PlyCount "81"]
[EventDate "2019.12.07"]
[EventType "team-tourn"]
[EventCountry "BAN"]
[SourceTitle "playchess.com"]
[Source "ChessBase"]
[SourceQuality "1"]
[TimeControl "5400+30"]

1. d4 Nf6 2. c4 g6 3. Nc3 d5 4. cxd5 Nxd5 5. e4 Nxc3 6. bxc3 Bg7 7. Bc4 c5 8. Ne2 Nc6 9. Be3 O-O 10. O-O b6 11. dxc5 Qc7 12. cxb6 axb6 13. Rb1 Ne5 14. Bd5 Rb8 15. f4 Ng4 16. Bd4 e6 17. Bb3 Rd8 18. e5 Ne3 19. Qd3 Nxf1 20. Rxf1 Bb7 21. Qe3 Qc6 22. Rf2 b5 23. Ng3 Rbc8 24. h3 Bf8 25. f5 b4 26. fxe6 fxe6 27. cxb4 Qc1+ 28. Kh2 Bd5 29. Bxd5 Rxd5 30. Ne4 Qxe3 31. Nf6+ Kg7 32. Bxe3 Rd3 33. Ng4 Bxb4 34. Bh6+ Kg8 35. Nf6+ Kh8 36. Ne4 Rd4 37. Ng5 Rd7 38. Nxe6 Bc3 39. Re2 Re8 40. Ng5 Bxe5+ 41. Rxe5 0-1

[Event "WALTON BAN-chT 2019"]
[Site "Bangladesh"]
[Date "2019.12.15"]
[Round "1.8"]
[White "Anata, Choudhury"]
[Black "Jabed Al Azad"]
[Result "1-0"]
[ECO "B08"]
[WhiteElo "2137"]
[BlackElo "2036"]
[Annotator "NA"]
[PlyCount "83"]
[EventDate "2019.12.07"]
[EventType "team-tourn"]
[EventCountry "BAN"]
[SourceTitle "playchess.com"]
[Source "ChessBase"]
[SourceQuality "1"]
[TimeControl "5400+30"]

1. e4 d6 2. d4 Nf6 3. Nc3 g6 4. Nf3 Bg7 5. Be2 O-O 6. O-O a6 7. a4 b6 8. Re1 Bb7 9. Bf1 c5 10. d5 Nbd7 11. h3 Qc7 12. Bg5 Rfe8 13. Bc4 Ne5 14. Nxe5 dxe5 15. Qf3 Red8 16. Nd1 Ne8 17. Ne3 Nd6 18. b3 b5 19. Bf1 Rf8 20. c4 bxa4 21. bxa4 f5 22. exf5 Bc8 23. Qg4 Bxf5 24. Nxf5 Nxf5 25. Rab1 Rf7 26. Bd2 Raf8 27. Bd3 Nd4 28. Rf1 Nf5 29. a5 Nd6 30. Qe2 Qd7 31. Bc2 e6 32. dxe6 Qxe6 33. Be3 Rc8 34. Rfd1 e4 35. Rd5 Nb7 36. Qd2 Re7 37. Ba4 Rf8 38. Bd7 Qf7 39. Rxb7 Bd4 40. Rxd4 cxd4 41. Qxd4 Rd8 42. Be6 1-0

[Event "WALTON BAN-chT 2019"]
[Site "Bangladesh"]
[Date "2019.12.15"]
[Round "1.9"]
[White "Reefat, Bin-Sattar"]
[Black "Mehdi Hasan Parag"]
[Result "1-0"]
[ECO "B12"]
[WhiteElo "2417"]
[BlackElo "2169"]
[Annotator "NA"]
[PlyCount "97"]
[EventDate "2019.12.07"]
[EventType "team-tourn"]
[EventCountry "BAN"]
[SourceTitle "playchess.com"]
[Source "ChessBase"]
[SourceQuality "1"]
[TimeControl "5400+30"]

1. e4 c6 2. d4 d5 3. e5 c5 4. dxc5 e6 5. Nf3 Bxc5 6. a3 Ne7 7. Bd3 Ng6 8. O-O O-O 9. b4 Be7 10. Re1 a5 11. b5 a4 12. Nbd2 Nd7 13. Bxg6 fxg6 14. Nd4 Nc5 15. Qe2 Bd7 16. Bb2 Rc8 17. Rad1 Qe8 18. f3 g5 19. c4 dxc4 20. Qxc4 Qg6 21. Re3 g4 22. Qe2 Rf4 23. g3 gxf3 24. N4xf3 Rcf8 25. Bd4 Bc8 26. Nc4 Qg4 27. Kg2 b6 28. h3 Qg6 29. Kh2 Rxf3 30. Rxf3 Rxf3 31. Qxf3 Qc2+ 32. Rd2 Qxc4 33. Qc6 Bd7 34. Qa8+ Kf7 35. Bxc5 Qxc5 36. Rxd7 Qxa3 37. Rd2 Qe3 38. Qg2 Qxe5 39. Qf2+ Kg6 40. Qxb6 Bc5 41. Qd8 a3 42. Qd3+ Qf5 43. Qc4 Kf6 44. Rc2 Bb6 45. Qc3+ Kg6 46. Qb3 Kf6 47. Re2 Kf7 48. h4 Qf1 49. Qxe6+ {[%emt 0:01:15] Qf5} 1-0

[Event "WALTON BAN-chT 2019"]
[Site "Bangladesh"]
[Date "2019.12.15"]
[Round "1.12"]
[White "Rakesh Kumar Jena"]
[Black "Mollah Abdullah, Al Rakib"]
[Result "1/2-1/2"]
[ECO "A47"]
[WhiteElo "2335"]
[BlackElo "2461"]
[Annotator "ChessBase"]
[PlyCount "85"]
[EventDate "2019.12.07"]
[EventType "team-tourn"]
[EventCountry "BAN"]
[SourceTitle "playchess.com"]
[Source "ChessBase"]
[SourceQuality "1"]
[TimeControl "5400+30"]

1. d4 Nf6 2. Nf3 e6 3. Bf4 b6 4. e3 Bb7 5. Bd3 Be7 6. h3 O-O 7. O-O d6 8. Nbd2 Nbd7 9. Bh2 Re8 10. e4 Bf8 11. Qe2 e5 12. dxe5 Nxe5 13. Nxe5 dxe5 14. Rad1 a6 15. Nc4 Nd7 16. f4 exf4 17. Rxf4 Nc5 18. e5 Nxd3 19. Rxd3 Qe7 20. Ne3 Rad8 21. Rc3 Rd7 22. Nf5 Qe6 23. Rf1 f6 24. Qg4 Rd2 25. Rg3 fxe5 26. Qg5 Rd7 27. Kh1 Be4 28. Re3 Bxf5 29. Rxe5 Qg6 30. Qxf5 Qxf5 31. Rexf5 Rd2 32. Bxc7 Rxc2 33. Bxb6 Rxb2 34. Bc5 Bxc5 35. Rxc5 Rxa2 36. Rc7 Rf8 37. Rd1 Raf2 38. Rd6 R2f6 39. Rd5 R6f7 40. Rc6 Ra7 41. Ra5 Rf6 42. Rxf6 gxf6 43. g4 1/2-1/2

[Event "WALTON BAN-chT 2019"]
[Site "Bangladesh"]
[Date "2019.12.15"]
[Round "3.10"]
[White "Ahmed, Sheikh Nasir"]
[Black "Chatterjee, Debaraj"]
[Result "1-0"]
[ECO "B81"]
[WhiteElo "2187"]
[BlackElo "2216"]
[Annotator "NA RC"]
[PlyCount "31"]
[EventDate "2019.12.07"]
[EventType "team-tourn"]
[EventCountry "BAN"]
[SourceTitle "playchess.com"]
[Source "ChessBase"]
[SourceQuality "1"]
[TimeControl "5400+30"]

1. e4 c5 2. Nf3 d6 3. d4 cxd4 4. Nxd4 Nf6 5. Nc3 a6 6. h3 e6 7. g4 Be7 8. g5 Nfd7 9. h4 Nc6 10. Be3 O-O 11. Qd2 Nde5 12. O-O-O Nxd4 13. Qxd4 Ng4 14. Rg1 Nxe3 15. Qxe3 Qa5 16. Kb1 1-0

[Event "WALTON BAN-chT 2019"]
[Site "Bangladesh"]
[Date "2019.12.15"]
[Round "4.7"]
[White "Islam, Khandaker Aminul"]
[Black "Mollah Abdullah, Al Rakib"]
[Result "0-1"]
[ECO "A45"]
[WhiteElo "2206"]
[BlackElo "2461"]
[Annotator "RC"]
[PlyCount "64"]
[EventDate "2019.12.07"]
[EventType "team-tourn"]
[EventCountry "BAN"]
[SourceTitle "playchess.com"]
[Source "ChessBase"]
[SourceQuality "1"]
[TimeControl "5400+30"]

1. d4 Nf6 2. Bf4 e6 3. e3 b6 4. Qf3 Nc6 5. Nc3 Bb4 6. Nge2 Nd5 7. a3 Nxf4 8. Nxf4 Bxc3+ 9. bxc3 Bb7 10. Bd3 Qe7 11. Qg3 O-O-O 12. Qxg7 h5 13. Qg3 Rdg8 14. Qh3 f5 15. Rg1 Nd8 16. Ne2 Nf7 17. f4 h4 18. c4 Nh6 19. Nc3 Ng4 20. Nd1 Kb8 21. Kd2 Qg7 22. Rb1 Nf6 23. d5 exd5 24. cxd5 Bxd5 25. Qxf5 Rh5 26. Qh3 Bxg2 27. Nf2 Bxh3 28. Rxg7 Rxg7 29. Nxh3 Rg2+ 30. Kc3 Nd5+ 31. Kd4 c5+ 32. Ke4 Rxh2 {[%emt 0:11:42] Kd4} 0-1

[Event "WALTON BAN-chT 2019"]
[Site "Bangladesh"]
[Date "2019.12.15"]
[Round "4.8"]
[White "Rahman, Ziaur"]
[Black "Abu Sufian, Shakil"]
[Result "1-0"]
[ECO "D06"]
[WhiteElo "2440"]
[BlackElo "2256"]
[Annotator "NA RC"]
[PlyCount "55"]
[EventDate "2019.12.07"]
[EventType "team-tourn"]
[EventCountry "BAN"]
[SourceTitle "playchess.com"]
[Source "ChessBase"]
[SourceQuality "1"]
[TimeControl "5400+30"]

1. d4 d5 2. Bg5 h6 3. Bh4 c6 4. Nf3 Qb6 5. Qc1 Bf5 6. e3 Nd7 7. c4 e6 8. Nc3 Ngf6 9. Be2 Be7 10. O-O Qd8 11. Qd1 g5 12. Bg3 Nh5 13. Be5 Nxe5 14. Nxe5 Nf6 15. cxd5 exd5 16. Bd3 Qc8 17. Rc1 O-O 18. Ne2 Ne4 19. f3 Nd6 20. Ng3 Bxd3 21. Qxd3 f5 22. e4 dxe4 23. fxe4 f4 24. Ng6 Re8 25. e5 fxg3 26. Qb3+ Kh7 27. exd6 gxh2+ 28. Kh1 1-0

[Event "WALTON BAN-chT 2019"]
[Site "Bangladesh"]
[Date "2019.12.15"]
[Round "4.12"]
[White "Sonkalan Bharati"]
[Black "Anata, Choudhury"]
[Result "1/2-1/2"]
[ECO "B87"]
[WhiteElo "2133"]
[BlackElo "2137"]
[Annotator "NA RC"]
[PlyCount "42"]
[EventDate "2019.12.07"]
[EventType "team-tourn"]
[EventCountry "BAN"]
[SourceTitle "playchess.com"]
[Source "ChessBase"]
[SourceQuality "1"]
[TimeControl "5400+30"]

1. e4 c5 2. Nf3 d6 3. d4 cxd4 4. Nxd4 Nf6 5. Nc3 a6 6. Bc4 e6 7. Bb3 b5 8. O-O Be7 9. f4 Bb7 10. Be3 b4 11. Na4 Bxe4 12. f5 e5 13. Bxf7+ Kxf7 14. Ne6 Qd7 15. Ng5+ Ke8 16. Nb6 Qb7 17. Ne6 Kf7 18. Ng5+ Ke8 19. Ne6 Kf7 20. Ng5+ Ke8 21. Ne6 Kf7 1/2-1/2

[Event "WALTON BAN-chT 2019"]
[Site "Bangladesh"]
[Date "2019.12.15"]
[Round "5.2"]
[White "Mchedlishvili, Mikheil"]
[Black "Pranav, Shetty"]
[Result "1-0"]
[ECO "E71"]
[WhiteElo "2567"]
[BlackElo "2162"]
[Annotator "RC"]
[PlyCount "71"]
[EventDate "2019.12.07"]
[EventType "team-tourn"]
[EventCountry "BAN"]
[SourceTitle "playchess.com"]
[Source "ChessBase"]
[SourceQuality "1"]
[TimeControl "5400+30"]

1. d4 Nf6 2. c4 g6 3. Nc3 Bg7 4. e4 d6 5. h3 O-O 6. Be3 e5 7. d5 Na6 8. g4 Nc5 9. f3 a5 10. Qd2 c6 11. dxc6 bxc6 12. O-O-O Ne6 13. Qxd6 Qe8 14. c5 Bb7 15. Qd2 Qe7 16. Na4 Rfd8 17. Qc3 Rd4 18. Bxd4 exd4 19. Qa3 Nd7 20. Kb1 Nexc5 21. Ne2 d3 22. Rxd3 Qe5 23. Rd2 Rb8 24. Nxc5 Nxc5 25. Qe3 Ba6 26. Nd4 Bxf1 27. Rxf1 Rb4 28. Nb3 Ne6 29. f4 Qb5 30. Qe2 Rxe4 31. Qxb5 cxb5 32. f5 Nd4 33. f6 Bxf6 34. Rxf6 Re1+ 35. Nc1 Kg7 36. Rff2 1-0

[Event "WALTON BAN-chT 2019"]
[Site "Bangladesh"]
[Date "2019.12.15"]
[Round "5.4"]
[White "Mohammed Abdul, Malek"]
[Black "Hossain, Showkat Pollab"]
[Result "1-0"]
[ECO "D00"]
[WhiteElo "2162"]
[BlackElo "2088"]
[Annotator "RC"]
[PlyCount "113"]
[EventDate "2019.12.07"]
[EventType "team-tourn"]
[EventCountry "BAN"]
[SourceTitle "playchess.com"]
[Source "ChessBase"]
[SourceQuality "1"]
[TimeControl "5400+30"]

1. d4 Nf6 2. Bf4 e6 3. e3 Be7 4. Nd2 d5 5. Bd3 Nbd7 6. h3 c5 7. c3 Qb6 8. Rb1 Bd6 9. Bxd6 Qxd6 10. f4 b6 11. Ngf3 Bb7 12. O-O Ng8 13. Ne5 Ne7 14. Qg4 O-O 15. Rbd1 f6 16. Ndf3 Nf5 17. Nxd7 Qxd7 18. Rde1 Rae8 19. Nh4 Nxh4 20. Qxh4 g6 21. Qg3 Kh8 22. Rf3 Re7 23. h4 Rg7 24. Qh2 f5 25. Qg3 Qe7 26. Qf2 Rc8 27. Rh3 Qf6 28. Kh2 Bc6 29. Rg1 h5 30. Rf3 Rcc7 31. Kh3 Rg8 32. Rg3 Rh7 33. Rg5 Kg7 34. Qe2 Kf7 35. Bb5 Ba8 36. Rf1 Qe7 37. Rf3 Bb7 38. Rfg3 Rhh8 39. Qd1 Qd6 40. Be2 Qf8 41. Qa4 Qd6 42. Qxa7 Qe7 43. Qxb6 cxd4 44. Qxd4 Rh6 45. a4 Qc7 46. Kh2 Bc6 47. Qc5 Qb7 48. a5 Rc8 49. Qd6 Qb8 50. Qxb8 Rxb8 51. b4 Ba8 52. b5 Rc8 53. Rxg6 Rxg6 54. Bxh5 Ke7 55. Rxg6 Rxc3 56. Rg8 Bb7 57. Rg7+ 1-0

[Event "WALTON BAN-chT 2019"]
[Site "Bangladesh"]
[Date "2019.12.15"]
[Round "5.9"]
[White "Mehdi Hasan Parag"]
[Black "Zia, Tahsin Tajwar"]
[Result "1/2-1/2"]
[ECO "B11"]
[WhiteElo "2169"]
[BlackElo "2148"]
[Annotator "RC"]
[PlyCount "99"]
[EventDate "2019.12.07"]
[EventType "team-tourn"]
[EventCountry "BAN"]
[SourceTitle "playchess.com"]
[Source "ChessBase"]
[SourceQuality "1"]
[TimeControl "5400+30"]

1. e4 c6 2. Nc3 d5 3. Nf3 dxe4 4. Nxe4 Nf6 5. Qe2 Bf5 6. Nxf6+ gxf6 7. d3 Nd7 8. g3 Ne5 9. Nxe5 Qa5+ 10. Bd2 Qxe5 11. Qxe5 fxe5 12. Bg2 f6 13. O-O h5 14. h4 Kf7 15. Rae1 e6 16. f4 Bd6 17. Kh2 Rag8 18. fxe5 Bxe5 19. Bf4 Bxf4 20. Rxf4 Rg4 21. Ref1 Rhg8 22. Rxg4 Bxg4 23. Rf4 Rd8 24. Rb4 Rd7 25. Kg1 Bd1 26. Rc4 f5 27. Kf2 e5 28. a4 Rd4 29. Rc5 Rxa4 30. Rxe5 Kf6 31. Rc5 Ra2 32. Bh3 Rxb2 33. Rxf5+ Ke7 34. Ra5 Bxc2 35. Ke3 Rb3 36. Bf1 Bd1 37. Rxa7 Bg4 38. Be2 Bxe2 39. Kxe2 Kd6 40. Ra8 Rb5 41. Ke3 Rd5 42. d4 b5 43. Rd8+ Ke6 44. Rb8 Rd7 45. Rh8 Rd5 46. Rb8 Kd6 47. Rd8+ Ke7 48. Rb8 Kd7 49. Rb7+ Kd6 50. Ke4 {[%emt 0:20:21] Ke5+} 1/2-1/2

[Event "WALTON BAN-chT 2019"]
[Site "Bangladesh"]
[Date "2019.12.15"]
[Round "7.10"]
[White "Ahmed, Sheikh Nasir"]
[Black "Chowdhury, Sohel"]
[Result "1-0"]
[ECO "B12"]
[WhiteElo "2187"]
[BlackElo "2088"]
[Annotator "RC"]
[PlyCount "145"]
[EventDate "2019.12.07"]
[EventType "team-tourn"]
[EventCountry "BAN"]
[SourceTitle "playchess.com"]
[Source "ChessBase"]
[SourceQuality "1"]
[TimeControl "5400+30"]

1. e4 c6 2. d4 d5 3. e5 Bf5 4. Nf3 e6 5. Be2 c5 6. Be3 cxd4 7. Nxd4 Ne7 8. O-O Nbc6 9. Bb5 a6 10. Bxc6+ Nxc6 11. Nxf5 exf5 12. c3 Be7 13. Re1 O-O 14. Bd4 Qd7 15. Qd3 Rfe8 16. Nd2 Bf8 17. Nf3 g6 18. Nd2 Rac8 19. Rad1 Qc7 20. Nb3 Nxe5 21. Bxe5 Rxe5 22. Rxe5 Qxe5 23. Qxd5 Qe2 24. Qd2 Re8 25. g3 Bh6 26. Qxe2 Rxe2 27. Rb1 f4 28. Kf1 Re7 29. g4 Bg5 30. Rd1 Kg7 31. Nd4 Bf6 32. Nf3 h6 33. Re1 Rd7 34. Ke2 g5 35. Rd1 Re7+ 36. Kd3 b5 37. Rd2 Re6 38. Re2 Rd6+ 39. Kc2 Rc6 40. Re4 Rd6 41. a4 bxa4 42. Rxa4 Re6 43. Kd3 Rd6+ 44. Nd4 Kg6 45. Rc4 Bxd4 46. Rxd4 Rb6 47. b4 f5 48. gxf5+ Kxf5 49. h3 Ke5 50. Rd8 Kf5 51. Rd5+ Kg6 52. Kc4 Kh5 53. Kb3 Kh4 54. Rd3 g4 55. hxg4 Kxg4 56. c4 h5 57. c5 Rb8 58. Kc4 h4 59. Rd6 Kf3 60. Rh6 Kxf2 61. Rxh4 Ke3 62. Rh6 Ra8 63. c6 f3 64. Re6+ Kf4 65. Rf6+ Ke3 66. Kc5 f2 67. c7 Ke2 68. Kb6 f1=Q 69. Rxf1 Kxf1 70. Kb7 Rf8 71. c8=Q Rxc8 72. Kxc8 Ke2 73. Kb7 1-0

[Event "WALTON BAN-chT 2019"]
[Site "Bangladesh"]
[Date "2019.12.15"]
[Round "8.3"]
[White "Mchedlishvili, Mikheil"]
[Black "Kusatha, Niken"]
[Result "1-0"]
[ECO "D35"]
[WhiteElo "2567"]
[BlackElo "1949"]
[Annotator "RC"]
[PlyCount "89"]
[EventDate "2019.12.07"]
[EventType "team-tourn"]
[EventCountry "BAN"]
[SourceTitle "playchess.com"]
[Source "ChessBase"]
[SourceQuality "1"]
[TimeControl "5400+30"]

1. c4 Nf6 2. Nc3 e6 3. d4 d5 4. cxd5 exd5 5. Bg5 Be7 6. e3 O-O 7. Bd3 Re8 8. Nge2 h6 9. Bh4 c6 10. O-O Ne4 11. Bxe7 Nxc3 12. bxc3 Qxe7 13. c4 Be6 14. cxd5 Bxd5 15. Qb1 Na6 16. Bxa6 bxa6 17. Nf4 Be4 18. Qc1 g5 19. Ne2 Bd3 20. Qd2 Qa3 21. Rfc1 Rab8 22. Ng3 Rb2 23. Qc3 Qxc3 24. Rxc3 Bc2 25. Rxc6 Reb8 26. h3 R8b6 27. d5 Rxc6 28. dxc6 Rb6 29. c7 Rc6 30. Rc1 Rxc7 31. Nf5 Rc4 32. Nxh6+ Kg7 33. Ng4 Bb3 34. Rxc4 Bxc4 35. a3 f6 36. f4 Be6 37. Kf2 Bd5 38. Kg3 Kg6 39. Nf2 gxf4+ 40. exf4 a5 41. Ng4 a4 42. Ne3 Be4 43. Kh4 Kf7 44. f5 Ke7 45. g4 1-0

[Event "WALTON BAN-chT 2019"]
[Site "Bangladesh"]
[Date "2019.12.15"]
[Round "8.11"]
[White "Islam, Khandaker Aminul"]
[Black "Khusenkhojaev, Muhammad"]
[Result "0-1"]
[ECO "A45"]
[WhiteElo "2206"]
[BlackElo "2427"]
[Annotator "RC"]
[PlyCount "62"]
[EventDate "2019.12.07"]
[EventType "team-tourn"]
[EventCountry "BAN"]
[SourceTitle "playchess.com"]
[Source "ChessBase"]
[SourceQuality "1"]
[TimeControl "5400+30"]

1. d4 Nf6 2. Bg5 e6 3. Nd2 h6 4. Bh4 c5 5. e4 cxd4 6. e5 g5 7. Bg3 Nd5 8. h4 gxh4 9. Bxh4 Qa5 10. Ngf3 Nc6 11. Bc4 Ne3 12. fxe3 dxe3 13. Bf6 Rg8 14. c3 exd2+ 15. Qxd2 b5 16. Bd3 b4 17. Be4 bxc3 18. bxc3 Qa4 19. Bc2 Qg4 20. Rh2 Rb8 21. Rb1 Rxb1+ 22. Bxb1 Ba6 23. Kd1 Qa4+ 24. Qc2 Qb5 25. a4 Qf1+ 26. Ne1 Rg3 27. Qd2 Qc4 28. Rh4 Rg4 29. Rxg4 Qxg4+ 30. Nf3 Qxa4+ 31. Bc2 Qa1+ 0-1

[Event "WALTON BAN-chT 2019"]
[Site "Bangladesh"]
[Date "2019.12.15"]
[Round "9.5"]
[White "Alam, Monjur"]
[Black "Bhattacharyya Soham"]
[Result "0-1"]
[ECO "E94"]
[WhiteElo "1899"]
[BlackElo "1944"]
[Annotator "NA RC"]
[PlyCount "85"]
[EventDate "2019.12.07"]
[EventType "team-tourn"]
[EventCountry "BAN"]
[SourceTitle "playchess.com"]
[Source "ChessBase"]
[SourceQuality "1"]
[TimeControl "5400+30"]

1. d4 Nf6 2. c4 g6 3. Nf3 Bg7 4. Nc3 O-O 5. e4 d6 6. Be2 Nbd7 7. O-O e5 8. d5 Nc5 9. Qc2 a5 10. Ne1 Ne8 11. Be3 f5 12. f3 f4 13. Bf2 g5 14. Nd3 b6 15. a3 h5 16. b4 Nxd3 17. Qxd3 g4 18. Kh1 Qg5 19. Qd2 Qg6 20. Rfc1 g3 21. Bg1 h4 22. Bf1 gxh2 23. Bxh2 Rf7 24. Nb5 Bf8 25. Qf2 Nf6 26. Nc3 Nh5 27. Na4 Ng3+ 28. Kg1 Bd7 29. Nb2 Rg7 30. Nd3 h3 31. Ra2 axb4 32. Nxb4 Be7 33. Bxg3 fxg3 34. Qe2 hxg2 35. Bxg2 Rh7 36. Nc2 Bg5 37. Rb1 Rh2 38. Ne3 Bh3 39. Qe1 Bxe3+ 40. Qxe3 Kg7 41. Rbb2 Rh8 42. Bxh3 R2xh3 43. Kf1 0-1

[Event "WALTON BAN-chT 2019"]
[Site "Bangladesh"]
[Date "2019.12.15"]
[Round "9.10"]
[White "Islam, Khandaker Aminul"]
[Black "Subedi, Rajan"]
[Result "1-0"]
[ECO "D00"]
[WhiteElo "2206"]
[BlackElo "1949"]
[Annotator "RC"]
[PlyCount "75"]
[EventDate "2019.12.07"]
[EventType "team-tourn"]
[EventCountry "BAN"]
[SourceTitle "playchess.com"]
[Source "ChessBase"]
[SourceQuality "1"]
[TimeControl "5400+30"]

1. d4 d5 2. Bf4 c5 3. e3 Nc6 4. c3 Qb6 5. Qb3 c4 6. Qc2 Bf5 7. Qxf5 Qxb2 8. Qxd5 Qxa1 9. Qb5 O-O-O 10. Bxc4 e5 11. Ne2 exf4 12. O-O Bb4 13. Qf5+ Kb8 14. Qc2 fxe3 15. fxe3 Bd6 16. Nd2 Qxf1+ 17. Nxf1 Nh6 18. e4 f6 19. Qb2 Rhe8 20. Bb5 Rc8 21. d5 Ne5 22. Bxe8 Rxe8 23. h3 Nhf7 24. Nd2 Bc5+ 25. Nd4 Nd6 26. Qb1 a6 27. Kh1 g5 28. Ne6 Be3 29. Nf3 h5 30. Nxe5 fxe5 31. Qb4 Nf7 32. g3 h4 33. g4 Ka7 34. c4 Nd8 35. Ng7 Rg8 36. Qe7 Bf4 37. c5 Kb8 38. Nf5 1-0

[Event "WALTON BAN-chT 2019"]
[Site "Bangladesh"]
[Date "2019.12.16"]
[Round "10.2"]
[White "Ahmed, Sheikh Nasir"]
[Black "Murshed, Niaz"]
[Result "1/2-1/2"]
[ECO "C18"]
[WhiteElo "2187"]
[BlackElo "2413"]
[Annotator "ChessBase"]
[PlyCount "147"]
[EventDate "2019.12.07"]
[EventType "team-tourn"]
[EventCountry "BAN"]
[SourceTitle "playchess.com"]
[Source "ChessBase"]
[SourceQuality "1"]
[TimeControl "5400+30"]

1. e4 e6 2. d4 d5 3. Nc3 Bb4 4. e5 c5 5. a3 Bxc3+ 6. bxc3 Qc7 7. Qg4 f6 8. Qg3 Nc6 9. exf6 Qxg3 10. hxg3 Nxf6 11. dxc5 e5 12. Nf3 a6 13. Bg5 Bf5 14. c4 d4 15. Bd3 e4 16. Bxf6 O-O 17. Nxd4 Nxd4 18. Bxd4 exd3 19. c3 Be6 20. Rb1 Rf7 21. Kd2 Bxc4 22. Rhe1 Bb5 23. f3 Re8 24. Rxe8+ Bxe8 25. Rb4 Re7 26. Kxd3 Bb5+ 27. c4 Bc6 28. Rb1 h5 29. Rh1 g6 30. Be3 Rd7+ 31. Ke2 Ba4 32. Rh4 Bd1+ 33. Ke1 Bc2 34. c6 bxc6 35. g4 hxg4 36. Rxg4 Bf5 37. Rf4 Rd3 38. Bc5 Rc3 39. g4 Be6 40. Rf6 Bf7 41. Kf2 Rxc4 42. Rxc6 g5 43. Ke3 a5 44. Kd3 Rf4 45. Be3 Rxf3 46. Rc5 a4 47. Rxg5+ Kh7 48. Ke4 Rf1 49. Ra5 Bb3 50. Bf4 Re1+ 51. Kf5 Re7 52. Be5 Rf7+ 53. Kg5 Re7 54. Rc5 Ba2 55. Kf5 Rf7+ 56. Ke4 Kg6 57. Bf4 Re7+ 58. Kf3 Bb3 59. Rh5 Bd1+ 60. Kg3 Bc2 61. Rh6+ Kg7 62. Rc6 Bg6 63. Kh4 Be8 64. Ra6 Bb5 65. Rb6 Bc4 66. Kg5 Bb3 67. Bd6 Rd7 68. Be5+ Kf7 69. Rf6+ Ke7 70. Kg6 Bc2+ 71. Kg7 Rd5 72. Bf4 Kd7 73. g5 Rf5 74. Rxf5 1/2-1/2